 Dungeon Crawl Stone Soup version 0.32-a0-468-g38b2580584 (webtiles) character file.

Game seed: 1580246326604849410

3581 Angani the Fighter (level 10, 0/83 HPs)
             Began as a Coglin Chaos Knight on Feb 24, 2024.
             Was a Plaything of Xom.
             Slain by a fire elemental (7 damage)
             ... summoned by a deep elf pyromancer
             ... on level 8 of the Dungeon.
             The game lasted 00:15:15 (6543 turns).

Angani the Fighter (Coglin Chaos Knight)            Turns: 6543, Time: 00:15:16

Health: 0/83       AC:  6    Str: 23    XL:     10   Next: 10%
Magic:  10/10      EV: 10    Int: 18    God:    Xom [..*...]
Gold:   429        SH:  0    Dex:  9    Spells: 9/9 levels left

rFire   . . .        o - +0 war axe {Dave}
rCold   . . .        n - +2 dagger (drain) {Juwon}
rNeg    . . .        j - +0 scale mail
rPois   +            (helmet currently unavailable)
rElec   .            (cloak currently unavailable)
rCorr   .            (gloves currently unavailable)
SInv    .            (boots currently unavailable)
Will    +....        l - amulet of faith Stlth
                     (ring unavailable)
HPRegen 0.33/turn    (ring unavailable)
MPRegen 0.12/turn

%: faith
@: beast-form, revving
A: beast (slay +3), off-hand wielding, slow wielding, warmup strikes, no rings,
clever 2, strong-willed 1, poison resistance, strong 2, noise suppression
a: Begin Untransformation, Renounce Religion


You were on level 8 of the Dungeon.
You worshipped Xom.
You were a toy of Xom.
You were a hulking beast.
You visited 1 branch of the dungeon, and saw 8 of its levels.

You collected 429 gold pieces.

Inventory:

Hand Weapons
 b - a +0 sling
 n - a +2 dagger of draining (offhand) {Juwon}
 o - a +0 war axe (weapon) {Dave}
Missiles
 z - 5 curare-tipped darts (quivered)
Armour
 f - a +1 helmet
 j - a +0 scale mail (worn)
 p - a +0 hat
 B - +0 steam dragon scales
Jewellery
 l - an amulet of faith (around neck)
 x - an amulet of guardian spirit
Talismans
 k - a beast talisman (active)
Wands
 e - a wand of flame (12)
 u - a wand of polymorph (10)
Scrolls
 d - a scroll of vulnerability
 i - a scroll of poison
 m - 4 scrolls of fog
 q - a scroll of torment
 r - 4 scrolls of noise
 v - 2 scrolls of blinking
 y - 2 scrolls of teleportation
 A - a scroll of identify
Potions
 c - a potion of ambrosia
 h - 2 potions of brilliance
 s - a potion of heal wounds
 t - 2 potions of enlightenment


   Skills:
 + Level 9.0 Fighting
 + Level 8.9 Axes
 - Level 1.7 Armour
 - Level 0.8 Dodging
 + Level 6.4 Shapeshifting


You had 9 spell levels left.
You didn't know any spells.
Your spell library contained the following spells:

 Spells                   Type           Power      Damage    Failure   Level
 Magic Dart               Conj           0%         1d3       50%         1
 Slow                     Hex            0%         N/A       50%         1
 Sting                    Conj/Alch      0%         1d3       50%         1
 Blink                    Tloc           0%         N/A       65%         2
 Call Imp                 Summ           0%         N/A       65%         2
 Mercury Vapours          Alch/Air       0%         N/A       65%         2
 Call Canine Familiar     Summ           0%         N/A       86%         3
 Confusing Touch          Hex            0%         N/A       86%         3
 Sigil of Binding         Hex            0%         N/A       86%         3
 Tukima's Dance           Hex            0%         N/A       86%         3
 Vampiric Draining        Necr           0%         2d6       86%         3
 Dimensional Bullseye     Hex/Tloc       0%         N/A       99%         4
 Iskenderun's Mystic Bla  Conj/Tloc      0%         2d3       99%         4
 Olgreb's Toxic Radiance  Alch           0%         N/A       99%         4


Dungeon Overview and Level Annotations

Branches:
Dungeon (8/15)             Temple (0/1) D:6            Lair (0/5) D:8

Altars:
Ashenzari
Dithmenos
Hepliaklqana
Kikubaaqudgha
Makhleb
Jiyva

Shops:
D:5 [

Annotations:
D:8 3 runed translucent doors, NotYourErnst's ghost, novice MDEE


Innate Abilities, Weirdness & Mutations

You are a hulking beast.
Your limbs bulge with bestial killing power. (Slay +3)
You can wield a second weapon in your off-hand.
It takes a long time for you to wield or remove held weapons.
Your first few attacks do less damage.
Your grasper-arms cannot wear rings.
Your mind is very acute. (Int +8, Str/Dex -2)
You are strong-willed. (Will+)
Your system is resistant to poisons. (rPois)
Your muscles are very strong. (Str +8, Int/Dex -2)
You passively dampen the noise of your surroundings.


Message History

Found a stone staircase leading up.
The fire elemental disappears in a puff of smoke!
The fire elemental hits you. The fire elemental burns you!
Unknown command.
Okay, then.
Unknown command.
You completely miss the deep elf pyromancer with your +0 war axe.
The deep elf pyromancer is moderately wounded.
You hit the fire elemental with your +0 war axe. x2
You hit the deep elf pyromancer with your +2 dagger of draining.
You drain the deep elf pyromancer. The fire elemental hits you.
The fire elemental burns you! The fire elemental closely misses you.
The deep elf pyromancer hits you with a +0 long sword.
You puncture the deep elf pyromancer with your +2 dagger of draining!
The deep elf pyromancer is severely wounded.
You miss the deep elf pyromancer with your +0 war axe.
You slash the fire elemental with your +0 war axe!
You hit the fire elemental but do no damage.
The fire elemental hits you. The fire elemental burns you!
The fire elemental hits you. The fire elemental burns you!
The deep elf pyromancer barely misses you.
The fire elemental hits you. The fire elemental burns you!
The fire elemental barely misses you.
You slash the deep elf pyromancer with your +0 war axe!
The deep elf pyromancer is almost dead.
You hit the fire elemental but do no damage. x2
You closely miss the fire elemental with your +0 war axe.
You hit the deep elf pyromancer with your +2 dagger of draining.
Xom's power flows through you!
The fire elemental is unaffected. x2; The deep elf pyromancer easily resists.
The fire elemental is unaffected.
The fire elemental hits you. The fire elemental burns you!
* * * LOW HITPOINT WARNING * * *
The fire elemental barely misses you. The fire elemental hits you.
The fire elemental burns you!
* * * LOW HITPOINT WARNING * * *
The deep elf pyromancer closely misses you.
The fire elemental hits you. The fire elemental burns you!
You die...
Xom howls with laughter!

## ## .... .....
.. ...... ...
[...... ...< ..
.... #....
#..##..####.....
#........E......
...)...he○.....
..##...EE.○°...
##..........
#...##..##.
##### #.# ##


You could see a deep elf pyromancer (drained) and 3 fire elementals.

Vanquished Creatures
  Joseph (D:7)
  3 steam dragons
  5 water moccasins
  Duvessa (D:7)
  3 ice beasts
  2 sky beasts (D:6)
  An ogre (D:6)
  2 phantoms
  2 centaurs
  2 kobold brigands (D:7)
  3 bullfrogs
  2 wights (D:8)
  A killer bee (D:8)
  A vampire bat (D:7)
  2 bombardier beetles (D:5)
  3 howler monkeys
  A crimson imp (D:5)
  3 hounds
  3 jellies
  A gnoll bouda (D:7)
  3 sleepcaps
  4 iguanas
  Terence (D:3)
  7 gnolls
  5 adders
  4 ufetubi (D:6)
  3 dart slugs
  2 ribbon worms
  10 orcs
  13 bats
  5 endoplasms
  3 giant cockroaches
  5 goblins
  5 hobgoblins
  13 kobolds
  3 quokkas
  5 ball pythons
  A frilled lizard (D:2)
  4 rats
138 creatures vanquished.

Vanquished Creatures (collateral kills)
  Dowan (D:7)
  An ufetubus (D:6)
2 creatures vanquished.

Vanquished Creatures (others)
  A wyvern (D:8)
  A wight (D:8)
2 creatures vanquished.

Grand Total: 142 creatures vanquished

Notes
Turn   | Place    | Note
-------+----------+-------------------------------------------
     0 | D:1      | Angani the Coglin Chaos Knight began the quest for the Orb.
     0 | D:1      | Reached XP level 1. HP: 18/18 MP: 1/1
    24 | D:1      | XOM: potion effect (might)
    40 | D:1      | Reached XP level 2. HP: 24/24 MP: 2/2
   302 | D:1      | Reached XP level 3. HP: 29/29 MP: 3/3
   494 | D:1      | XOM: noise
   613 | D:1      | XOM: chaos upgrade
   891 | D:2      | XOM: stat loss: -1 Dex (12/13)
   952 | D:2      | XOM: silly message
  1149 | D:2      | Identified the +1 leather armour of the Demon Prince {Harm
                  | rElec Str+2 Int-2}
  1369 | D:3      | Noticed Jessica
  1374 | D:3      | Jessica changed into Jessica the kobold
  1374 | D:3      | Noticed Jessica
  1374 | D:3      | Killed Jessica the kobold
  1436 | D:3      | Noticed Terence
  1550 | D:3      | XOM is BORED!
  1550 | D:3      | XOM: noise
  1581 | D:3      | Reached XP level 4. HP: 37/37 MP: 4/4
  1760 | D:3      | XOM: god gift: scroll of immolation
  1770 | D:3      | Reached skill level 4 in Fighting
  1794 | D:3      | XOM: potion effect (brilliance)
  1865 | D:3      | XOM: god gift: smoky ruby potion {god gift}
  1978 | D:3      | XOM: confusion
  2260 | D:3      | XOM: smoke on damage
  2380 | D:3      | Killed Terence
  2381 | D:3      | Reached skill level 1 in Shapeshifting
  2381 | D:3      | Reached XP level 5. HP: 42/42 MP: 5/5
  2402 | D:3      | XOM: god gift: 58 gold pieces
  2572 | D:4      | XOM: god gift: scroll of noise
  2597 | D:4      | XOM: god gift: staff of death
  2724 | D:4      | XOM: fog
  2912 | D:4      | XOM: 1-stop teleportation journey
  3031 | D:4      | XOM: give mutations
  3031 | D:4      | Gained mutation: Your mind is acute. (Int +4, Str/Dex -1)
                  | [Xom's grace]
  3031 | D:4      | Gained mutation: Your system is resistant to poisons.
                  | (rPois) [Xom's grace]
  3221 | D:4      | XOM: give mutations
  3221 | D:4      | Gained mutation: You are partially covered in iridescent
                  | scales. (AC +2) [Xom's grace]
  3221 | D:4      | Gained mutation: Your muscles are strong. (Str +4, Int/Dex
                  | -1) [Xom's grace]
  3221 | D:4      | Gained mutation: You are strong-willed. (Will+) [Xom's
                  | grace]
  3221 | D:4      | Gained mutation: Your mind is very acute. (Int +8, Str/Dex
                  | -2) [Xom's grace]
  3310 | D:5      | Entered Level 5 of the Dungeon
  3316 | D:5      | Reached XP level 6. HP: 43/49 MP: 6/6
  3381 | D:5      | Noticed a water moccasin
  3385 | D:5      | Killed a water moccasin
  3386 | D:5      | Reached skill level 5 in Fighting
  3386 | D:5      | Reached skill level 5 in Axes
  3397 | D:5      | Found a burning altar of Makhleb.
  3435 | D:5      | Found Peeps's Armour Shop.
  3482 | D:5      | Reached XP level 7. HP: 46/56 MP: 7/7
  3622 | D:5      | XOM: give mutation
  3622 | D:5      | Gained mutation: Your muscles are very strong. (Str +8,
                  | Int/Dex -2) [Xom's mischief]
  3900 | D:6      | Reached skill level 6 in Fighting
  3922 | D:6      | Reached XP level 8. HP: 64/64 MP: 8/8
  3923 | D:6      | Found a broken altar of Ashenzari.
  3942 | D:6      | Found a staircase to the Ecumenical Temple.
  4153 | D:6      | Found an ancient bone altar of Kikubaaqudgha.
  4487 | D:6      | Found a hazy altar of Hepliaklqana.
  4536 | D:6      | Reached skill level 7 in Fighting
  4610 | D:6      | XOM: summons 8 friendly demons
  4616 | D:6      | Reached XP level 9. HP: 71/72 MP: 9/9
  4620 | D:6      | XOM: polymorph ufetubus -> crimson imp
  4621 | D:6      | XOM: divination: magic mapping
  4747 | D:7      | Noticed Duvessa
  4747 | D:7      | Noticed Dowan
  4747 | D:7      | XOM: 6-stop teleportation journey
  4763 | D:7      | XOM: confuse monster(s)
  4768 | D:7      | Your ally Dowan died
  4770 | D:7      | XOM: cleaving
  4776 | D:7      | Killed Duvessa
  4777 | D:7      | Reached skill level 5 in Shapeshifting
  4992 | D:7      | Reached skill level 8 in Fighting
  5013 | D:7      | XOM: 3-stop teleportation journey
  5111 | D:7      | Found a shadowy altar of Dithmenos.
  5341 | D:7      | XOM: give mutations
  5341 | D:7      | Gained mutation: You are highly strong-willed. (Will++)
                  | [Xom's grace]
  5341 | D:7      | Gained mutation: You are extremely strong-willed. (Will+++)
                  | [Xom's grace]
  5341 | D:7      | Gained mutation: Your flesh is heat resistant. (rF+) [Xom's
                  | grace]
  5341 | D:7      | Gained mutation: You passively dampen the noise of your
                  | surroundings. [Xom's grace]
  5366 | D:7      | XOM: 2-stop teleportation journey
  5399 | D:7      | XOM: scenery: 1 doors close
  5468 | D:7      | XOM: scenery: 2 doors open, 1 doors close
  5538 | D:7      | Noticed Joseph
  5550 | D:7      | XOM: destruction
  5553 | D:7      | Killed Joseph
  5571 | D:7      | XOM: give mutations
  5571 | D:7      | Lost mutation: You are extremely strong-willed. (Will+++)
                  | [Xom's mischief]
  5571 | D:7      | Lost mutation: Your flesh is heat resistant. (rF+) [Xom's
                  | mischief]
  5571 | D:7      | Lost mutation: You are highly strong-willed. (Will++)
                  | [Xom's mischief]
  5571 | D:7      | Lost mutation: You are partially covered in iridescent
                  | scales. (AC +2) [Xom's mischief]
  5734 | D:8      | Found a staircase to the Lair.
  5992 | D:8      | Found a runed translucent gate.
  5992 | D:8      | Found a runed translucent gate.
  5992 | D:8      | Found a viscous altar of Jiyva.
  5992 | D:8      | Found a runed translucent gate.
  5992 | D:8      | Noticed NotYourErnst's ghost (novice MDEE)
  6018 | D:8      | XOM: divination: detect items
  6020 | D:8      | XOM: silly message
  6027 | D:8      | Reached XP level 10. HP: 42/76 MP: 10/10
  6290 | D:8      | Noticed a deep elf pyromancer
  6299 | D:8      | XOM: noise
  6299 | D:8      | XOM: butterfly on damage
  6301 | D:8      | Reached skill level 9 in Fighting
  6453 | D:8      | XOM: silly message
  6470 | D:8      | XOM: silly message
  6543 | D:8      | XOM: cast spell 'Cause Fear'
  6543 | D:8      | Slain by a fire elemental

Illustrated notes

Levels and vault maps discovered:
D:1:      psy_arrival_spokes, layout_basic
D:2:      layout_rooms, corexii_item_surrounded_by_moat,
          minmay_gold_behind_fungi, hex_tiny
D:3:      layout_loops_corners, uniq_terence, uniq_jessica
D:4:      layout_loops_cross, mrwooster_statue_mirror
D:5:      layout_rooms, makhleb_grotto_becter, serial_shops,
          nicolae_shop_hallway_plus
D:6:      layout_rooms, lemuel_coloured_pillars_altar,
          mainiacjoe_overflow_alcove_1, nzn_hepliaklqana_mist_gate,
          temple_pool_b, st_stairs_10
D:7:      layout_gridville, mainiacjoe_overflow_boulevard, serial_rivers,
          chequers_serial_rivers_micro_e, chequers_serial_rivers_micro_b,
          chequers_serial_rivers_small_a, chequers_serial_rivers_micro_b,
          roderic_batcave, uniq_joseph, uniq_duvessa
D:8:      minmay_ornate_pinched, layout_cave_pools, gammafunk_ghost_ooze,
          hangedman_decor_clover_reticule, hangedman_ranch

Skill      XL: |  1  2  3  4  5  6  7  8  9 10 |
---------------+-------------------------------+-----
Fighting       | 4 5 6 7 8 9 |  9.0
Axes           | 4 5 6 7 8 |  8.9
Shapeshifting  | 1 2 3 4 6 |  6.4
Armour         | |  1.7
Dodging        | |  0.8

Action                     |  1- 3 |  4- 6 |  7- 9 | 10-12 || total
---------------------------+-------+-------+-------+-------++-------
  Melee: Hand axe          |   114 |    72 |   187 |       ||   373
         Dagger            |    13 |    70 |   181 |    16 ||   280
         War axe           |       |       |       |    18 ||    18
  Evoke: Wand              |       |     2 |    23 |     6 ||    31
    Use: Scroll            |     9 |     4 |     5 |     2 ||    20
         Potion            |       |     2 |     2 |     2 ||     6
   Stab: Paralysed         |       |       |     2 |       ||     2
         Confused          |       |       |     4 |       ||     4
         Held in net/web   |       |       |     1 |       ||     1
         Invisible         |       |       |       |     1 ||     1
 Armour: Leather armour    |    13 |       |       |       ||    13
         Ring mail         |    63 |       |       |       ||    63
         Scale mail        |     2 |    55 |   182 |    47 ||   286
         Skin              |       |     7 |       |       ||     7
  Dodge: Dodged            |    59 |    32 |   111 |    19 ||   221
   Form: Beast             |     1 |       |       |       ||     1

Table legend: (Time is in decaauts)
 A = Elapsed time spent in this place.
 B = Non-inter-level travel time spent in this place.
 C = Inter-level travel time spent in this place.
 D = Time resting spent in this place.
 E = Time spent auto-exploring this place.
 F = Levels seen in this place.
 G = Mean time per level.
                   A        B        C        D        E       F      G
               +--------+--------+--------+--------+--------+-----+--------+
         Total |   6550 |   6384 |    166 |   1132 |   4058 |   8 |  818.8 |
       Dungeon |   6550 |   6384 |    166 |   1132 |   4058 |   8 |  818.8 |
               +--------+--------+--------+--------+--------+-----+--------+

Top non-repeatable levels by time:
     D:3: 1070 daAuts
     D:7: 1005 daAuts
     D:1: 857 daAuts
     D:6: 852 daAuts
     D:4: 820 daAuts
     D:8: 792 daAuts
     D:5: 578 daAuts
     D:2: 574 daAuts
